 Dungeon Crawl Stone Soup version 0.29.1 (webtiles) character file.

Game seed: 5579367516690083785

1010 EvilAshe the Carver (level 8, -5/57 (58) HPs)
             Began as a Human Fighter on Sept 13, 2022.
             Was a Follower of the Shining One.
             Slain by Maggie
             ... wielding a +2 broad axe of flaming
              (6 damage)
             ... on level 6 of the Dungeon.
             The game lasted 00:10:02 (5297 turns).

EvilAshe the Carver (Human Fighter)                 Turns: 5297, Time: 00:10:02

HP:   -5/57 (58)    AC: 10    Str: 18    XL:     8   Next: 44%
MP:   8/8           EV:  6    Int:  9    God:    the Shining One [*.....]
Gold: 157           SH:  5    Dex: 13    Spells: 7/7 levels left

rFire   . . .      SeeInvis .   g - +2 long sword (venom)
rCold   . . .      Faith    .   c - +0 buckler
rNeg    . . .      Spirit   .   l - +0 chain mail
rPois   .          Reflect  .   (no helmet)
rElec   .          Harm     .   t - +0 cloak
rCorr   .          Rampage  .   (no gloves)
Will    .....                   (no boots)
Stlth   ..........              f - amulet of the acrobat
HPRegen 0.19/turn               (no ring)
MPRegen 0.11/turn               (no ring)

@: mighty, glowing, lightly drained
A: no striking features
a: Renounce Religion, Divine Shield


You were on level 6 of the Dungeon.
You worshipped the Shining One.
The Shining One was aware of your devotion.
You visited 1 branch of the dungeon, and saw 7 of its levels.

You collected 157 gold pieces.

Inventory:

Hand Weapons
 a - a +0 long sword
 g - a +2 long sword of venom (weapon)
Missiles
 m - 19 stones (quivered)
Armour
 c - a +0 buckler (worn)
 l - a +0 chain mail (worn)
 t - a +0 cloak (worn)
Jewellery
 f - an amulet of the acrobat (around neck)
 u - the ring of Attitude {rF++ rCorr Int+2 Dex-4 Stlth+}
   (You took it off a kobold on level 6 of the Dungeon)

   [ring of resist corrosion]

   Int:       It affects your intelligence (+2).
   Dex:       It affects your dexterity (-4).
   rF:        It greatly protects you from fire.
   rCorr:     It protects you from acid and corrosion.
   Stlth:     It makes you more stealthy.
Wands
 h - a wand of charming (19)
Scrolls
 n - a scroll of enchant weapon {unknown}
 s - 2 scrolls of vulnerability {unknown}
 v - a scroll of teleportation {unknown}
Potions
 b - a potion of invisibility {unknown}
 e - 2 potions of mutation
 i - a potion of flight
 j - 2 potions of ambrosia
 k - 2 potions of cancellation {unknown}
 o - a potion of resistance {unknown}
 p - a potion of heal wounds {unknown}
 q - a potion of lignification {unknown}
 r - 3 potions of curing {unknown}


   Skills:
 - Level 3.0 Fighting
 * Level 8.6 Long Blades
 - Level 3.0 Armour
 - Level 5.0 Shields


You had 7 spell levels left.
You didn't know any spells.
Your spell library contained the following spells:

 Spells                   Type           Power      Damage    Failure   Level
 Dazzling Flash           Conj/Hex       0%         N/A       100%        3
 Agony                    Necr           0%         N/A       100%        5
 Silence                  Hex/Air        0%         N/A       100%        5


Dungeon Overview and Level Annotations

Branches:
Dungeon (7/15)
 Temple: D:4-7

Altars:
Uskayaw
Wu Jian
The Shining One

Shops:
D:2 (

Annotations:
D:3 Grinder
D:4 Eustachio
D:6 Maggie


Message History

You slash the jelly!
You kill the jelly!
You start resting.
HP restored.
Things that are here:
a +5 short sword of freezing; a +0 robe You open the door.
There is an open door here.
You open the door.
There is an open door here.
Found a scroll labelled DUGIEF RIEJO.
s - 2 scrolls labelled DUGIEF RIEJO (gained 1) Maggie the Vainglorious comes into view.
She is wielding a +2 broad axe of flaming.
Maggie shouts!
Okay, then.
You feel very mighty all of a sudden.
You hit Maggie.
Maggie is poisoned.
Maggie is lightly wounded.
Maggie hits you with a +2 broad axe of flaming!
Maggie burns you.
You slash Maggie!
Maggie looks as sick as possible!
Maggie is moderately wounded.
Maggie casts a spell at you. The bolt of fire hits you!
You hit Maggie.
Maggie looks as sick as possible!
Maggie is moderately wounded.
Maggie hits you with a +2 broad axe of flaming!
* * * LOW HITPOINT WARNING * * *
Maggie burns you.
* * * LOW HITPOINT WARNING * * *
You barely miss Maggie.
Maggie is moderately wounded.
Maggie casts a spell.
Maggie attempts to bespell you! You resist with some effort.
You slash Maggie!
Maggie looks as sick as possible!
Maggie is severely wounded.
Maggie hits you with a +2 broad axe of flaming!
* * * LOW HITPOINT WARNING * * *
Maggie burns you.
You die...

######## ##
##......# ..
#.......# .#
###.......# .#
#.........# .#
#.##......###.###
#.######....@...#
#.#....######@#.##.
#......'..# .#....
###....##.# .....
#....##.# ....
#######.####'##
#.#.....# #.'.....#
#######
####.....##.


You could see Maggie (extremely poisoned).

Vanquished Creatures
  A steam dragon (D:6)
  A water moccasin (D:6)
  A centaur (D:6)
  A phantom (D:5)
  A kobold brigand (D:6)
  2 wights (D:6)
  A killer bee (D:6)
  2 hounds (D:5)
  3 jellies (D:6)
  Ijyb (D:5)
  2 iguanas
  An orc wizard (D:5)
  6 adders
  A gnoll (D:7)
  A white imp (D:6)
  An ufetubus (D:5)
  2 worms
  A dart slug (D:1)
  9 orcs
  4 endoplasms
  A giant cockroach (D:1)
  3 goblins
  5 hobgoblins
  A quokka (D:2)
  5 bats (D:2)
  2 frilled lizards
  14 kobolds
  5 rats
78 creatures vanquished.

Vanquished Creatures (others)
  8 fungi (D:6)
8 creatures vanquished.

Grand Total: 86 creatures vanquished

Notes
Turn   | Place    | Note
-------+----------+-------------------------------------------
     0 | D:1      | EvilAshe the Human Fighter began the quest for the Orb.
     0 | D:1      | Reached XP level 1. HP: 18/18 MP: 1/1
   343 | D:1      | Reached XP level 2. HP: 21/24 MP: 2/2
   601 | D:1      | Found a faded altar of an unknown god.
   952 | D:2      | Found Beugiroc's Antique Weapon Shop.
   963 | D:2      | Reached XP level 3. HP: 23/29 MP: 3/3
  1103 | D:3      | Reached skill level 3 in Long Blades
  1442 | D:2      | Reached XP level 4. HP: 25/35 MP: 4/4
  2033 | D:3      | Noticed Grinder
  2107 | D:4      | Noticed Eustachio
  2343 | D:5      | Entered Level 5 of the Dungeon
  2343 | D:5      | Found a glowing golden altar of the Shining One.
  2347 | D:5      | Became a worshipper of the Shining One
  2437 | D:5      | Noticed Ijyb
  2450 | D:5      | Reached skill level 4 in Long Blades
  2467 | D:5      | Killed Ijyb
  2468 | D:5      | Reached XP level 5. HP: 13/41 MP: 5/5
  2771 | D:5      | Noticed a phantom
  2783 | D:5      | Killed a phantom
  2784 | D:5      | Reached XP level 6. HP: 40/47 MP: 6/6
  2920 | D:5      | Found an ornate altar of the Wu Jian Council.
  2929 | D:5      | Found a hide-covered altar of Uskayaw.
  2979 | D:5      | Reached skill level 5 in Long Blades
  3692 | D:6      | Reached XP level 7. HP: 34/52 MP: 7/7
  3698 | D:6      | Noticed a water moccasin
  3712 | D:6      | Killed a water moccasin
  3713 | D:6      | Reached skill level 6 in Long Blades
  3713 | D:6      | Reached skill level 5 in Shields
  3825 | D:6      | Identified the ring of Attitude {rF++ rCorr Int+2 Dex-4
                  | Stlth+}
  4055 | D:7      | Noticed a wyvern
  4090 | D:6      | Reached skill level 7 in Long Blades
  4481 | D:6      | Noticed a steam dragon
  4491 | D:6      | Killed a steam dragon
  4492 | D:6      | Reached XP level 8. HP: 25/58 MP: 8/8
  4502 | D:6      | Reached skill level 8 in Long Blades
  4523 | D:6      | Reached * piety under the Shining One
  5291 | D:6      | Noticed Maggie
  5297 | D:6      | HP: 1/57 [Maggie/+2 broad axe of flaming (11)]
  5297 | D:6      | Slain by Maggie

Illustrated notes

Levels and vault maps discovered:
D:1:      lemuel_arrival_muddy, layout_basic, basic_ecumenical_altar
D:2:      minmay_spotlight, layout_basic, serial_shops,
          nicolae_shop_advertising_works [nicolae_subvault_shop_adworks]
D:3:      layout_rooms, nicolae_elevator_lobby_plus, uniq_natasha, uniq_jessica,
          uniq_grinder
D:4:      layout_basic, minmay_misc_feat_chi, uniq_eustachio, uniq_edmund
D:5:      layout_loops_corners, mainiacjoe_overflow_alcove_1,
          mainiacjoe_overflow_large_starburst, bh_walls_and_bars, uniq_ijyb
D:6:      layout_basic, minmay_temple_entry_fiery, dreamdust_mushroom_princess,
          uniq_duvessa, uniq_maggie
D:7:      layout_basic, gammafunk_ghost_split

Skill      XL: |  1  2  3  4  5  6  7  8 |
---------------+-------------------------+-----
Long Blades    | 3 4 5 7 8 |  8.6
Shields        | 4 5 |  5.0
Fighting       | |  3.0
Armour         | |  3.0

Action                   |  1- 3 |  4- 6 |  7- 9 || total
-------------------------+-------+-------+-------++-------
Melee: Long sword        |    77 |   122 |    69 ||   268
Throw: Stone             |       |       |     4 ||     4
  Use: Scroll            |       |     8 |       ||     8
       Potion            |       |       |     2 ||     2
Armor: Scale mail        |    27 |    33 |       ||    60
       Chain mail        |       |    26 |    29 ||    55
Dodge: Dodged            |    27 |    56 |    29 ||   112
Block: Buckler           |    17 |    19 |    10 ||    46
